 Dungeon Crawl Stone Soup version 0.29-a0-598-gd8304a5bf4 (webtiles) character file.

Game seed: 9019633495449485371

6608 happo123 the Grappler (level 10, -11/94 HPs)
             Began as a Troll Transmuter on June 15, 2022.
             Mangled by a gnoll sergeant
             ... wielding a +3 trident of protection
              (14 damage)
             ... on level 8 of the Dungeon.
             The game lasted 00:35:01 (6190 turns).

happo123 the Grappler (Troll Transmuter)            Turns: 6190, Time: 00:35:02

Health: -11/94     AC:  4    Str: 20    XL:     10   Next: 71%
Magic:  14/14      EV: 15    Int: 13    God:
Gold:   827        SH:  0    Dex: 10    Spells: 13/16 levels left

rFire   . . .      SeeInvis .     - Unarmed
rCold   . . .      Faith    .   (no shield)
rNeg    . . .      Spirit   .   a - +0 robe
rPois   .          Reflect  .   (helmet restricted)
rElec   .          Harm     .   q - scarf {repulsion}
rCorr   .          Rampage  .   (gloves unavailable)
Will    .....                   (boots unavailable)
Stlth   +.........              (no amulet)
HPRegen 1.05/turn               D - +4 ring of evasion
MPRegen 0.14/turn               n - +4 ring of slaying

@: lethally poisoned (-11 -> -12), wereblooded (expiring), repel missiles
A: large, unfitting armour, claws 3, regeneration 1, shaggy fur 1, tough skin 1
a: no special abilities


You were on level 8 of the Dungeon.
You visited 2 branches of the dungeon, and saw 9 of its levels.

You collected 827 gold pieces.

Inventory:

Hand Weapons
 I - a +3 war axe
Armour
 a - a +0 robe (worn)
 k - a +0 cloak
 q - a scarf of repulsion (worn)
Magical Staves
 B - a staff of earth
Jewellery
 j - a ring of fire
 n - a +4 ring of slaying (right claw)
 C - a ring of willpower
 D - a +4 ring of evasion (left claw)
 H - a +4 ring of protection
 J - a ring of resist corrosion
 Q - a ring of willpower
Wands
 F - a wand of flame (31)
 L - a wand of paralysis (9)
 N - a wand of iceblast (15)
Scrolls
 c - 3 scrolls of poison
 f - 3 scrolls of fog
 m - a scroll of blinking {unknown}
 o - a scroll of magic mapping {unknown}
 r - 3 scrolls of noise
 u - 2 scrolls of identify
 v - 2 scrolls of teleportation
 w - 2 scrolls of summoning
 x - a scroll of immolation {unknown}
 y - a scroll of enchant weapon {unknown}
 A - 3 scrolls of fear {unknown}
 E - a scroll of amnesia
 M - a scroll of vulnerability
Potions
 b - 3 potions of lignification
 d - a potion of brilliance {unknown}
 e - 2 potions of invisibility {unknown}
 g - 8 potions of curing {unknown}
 h - a potion of resistance {unknown}
 i - 4 potions of mutation
 l - 4 potions of might
 p - a potion of attraction {unknown}
 s - a potion of ambrosia {unknown}
 t - 3 potions of haste {unknown}
 z - a potion of flight {unknown}
 G - a potion of cancellation {unknown}
 K - a potion of experience {unknown}
 O - a potion of berserk rage {unknown}
Miscellaneous
 P - a box of beasts


   Skills:
 + Level 4.7 Fighting
 + Level 4.9 Dodging
 * Level 8.9 Unarmed Combat
 + Level 3.7 Spellcasting
 * Level 6.4 Transmutations
 + Level 4.1 Ice Magic
 + Level 1.7 Earth Magic


You had 13 spell levels left.
You knew the following spells:

 Your Spells              Type           Power      Damage    Failure   Level
a - Beastly Appendage     Tmut           38%        N/A       1%          1
b - Wereblood             Tmut           19%        N/A       2%          2

Your spell library contained the following spells:

 Spells                   Type           Power      Damage    Failure   Level
 Passwall                 Tmut/Erth      10%        N/A       6%          2
 Sandblast                Erth           12%        2d6       11%         1
 Spider Form              Tmut/Pois      10%        N/A       17%         3
 Shock                    Conj/Air       8%         1d3       22%         1
 Ice Form                 Ice/Tmut       16%        N/A       24%         4
 Scorch                   Fire           4%         2d5       32%         2
 Petrify                  Tmut/Erth      13%        N/A       36%         4
 Blade Hands              Tmut           9%         N/A       38%         5
 Stone Arrow              Conj/Erth      8%         3d7       41%         3
 Portal Projectile        Hex/Tloc       4%         N/A       54%         3
 Swiftness                Air            2%         N/A       54%         3
 Tukima's Dance           Hex            2%         N/A       54%         3
 Yara's Violent Unravell  Hex/Tmut       5%         3d4       85%         5
 Airstrike                Air            1%         N/A       91%         4
 Flame Wave               Conj/Fire      2%         2d4       91%         4
 Passage of Golubria      Tloc           2%         N/A       91%         4
 Metabolic Englaciation   Hex/Ice        3%         N/A       94%         5
 Statue Form              Tmut/Erth      8%         N/A       99%         6
 Summon Cactus Giant      Summ           1%         N/A       100%        6


Dungeon Overview and Level Annotations

Branches:
Dungeon (8/15)             Temple (1/1) D:5
   Lair: D:8-11

Altars:
Ashenzari
Dithmenos
Elyvilon
Fedhas
Hepliaklqana
Kikubaaqudgha
Makhleb
Nemelex Xobeh
Qazlal
Sif Muna
Uskayaw
Vehumet
Wu Jian
Xom
Yredelemnul
Zin
The Shining One
Jiyva

Shops:
D:1 *

Annotations:
D:7 2 runed translucent doors


Innate Abilities, Weirdness & Mutations

You are too large for most types of armour.
You have claws for hands.
Your natural rate of healing is unusually fast.
You are covered in fur. (AC +1)
You have tough skin. (AC +1)


Message History

You claw the orc warrior! You claw the orc warrior.
The orc warrior is almost dead.
You mangle the orc warrior!!
You feel a bit better.
You kill the orc warrior!
The water moccasin bites you.
* * * LOW HITPOINT WARNING * * *
You are poisoned.
The water moccasin poisons you!
You mangle the water moccasin!!
The water moccasin is almost dead.
You feel sick.
The gnoll sergeant hits you from afar with a +3 trident of protection.
* * * LOW HITPOINT WARNING * * *
The water moccasin bites you.
* * * LOW HITPOINT WARNING * * *
You feel sick.
You miss the water moccasin.
The water moccasin is almost dead.
Your primal bloodlust is almost over.
You feel sick.
The water moccasin completely misses you.
You claw the water moccasin!
You feel a bit better.
You kill the water moccasin!
You feel sick.
You mangle the necrophage!! You claw the necrophage!
You feel a bit better.
You destroy the necrophage!
You feel sick.
The gnoll sergeant hits you from afar with a +3 trident of protection!
* * * LOW HITPOINT WARNING * * *
You howl as the wereblood boils in your veins!
You feel sick.
The gnoll sergeant hits you with a +3 trident of protection.
* * * LOW HITPOINT WARNING * * *
You see here a hornet corpse.
You scratch the gnoll sergeant. Your kick misses the gnoll sergeant.
The gnoll sergeant is lightly wounded.
Your horns disappear.
Your talons disappear.
You feel sick.
The gnoll sergeant hits you with a +3 trident of protection!
You die...

#.......# #
#.......# #
#####.......####
#...............
#.....#####.....
## #.....#
#.....
.#####.....#
#..... .#####
..##.......#
#..... #.....#
..##@#######
#.....
.......#$.##g#
..>......
........#.#..#
.........
.........##..#
#.........
........g)...#
#.........
.....)[.S##.##
#.........
........#.#.#
#######+#
.......#..###
#.....# ..#


You could see a gnoll sergeant.

Vanquished Creatures
  Pikel (D:4)
  Joseph (D:7)
  2 gargoyles (D:7)
  A kobold demonologist (D:7)
  A troll (D:7)
  A hornet (D:8)
  The ghost of Heh the Conjurer, an amateur OpHW of Gozag (D:7)
  The ghost of Selrock the Sneak, an amateur KoBr (D:4)
  3 yaks (D:8)
  7 water moccasins
  A black bear (D:8)
  3 orc warriors
  An ice beast (D:6)
  2 ogres
  2 phantoms
  A centaur (D:6)
  2 kobold brigands (D:7)
  3 bullfrogs
  5 necrophages
  A scorpion (D:5)
  10 killer bees
  A howler monkey (D:5)
  A bullfrog zombie (D:7)
  3 hounds
  A centaur zombie (D:7)
  A gnoll shaman (D:8)
  2 jellies
  3 orc priests
  Crazy Yiuf (D:2)
  5 iguanas
  5 orc wizards
  Natasha (thrice) (D:4)
  2 killer bee zombies (D:7)
  Robin (D:4)
  10 adders
  A shadow imp (D:6)
  A white imp (D:6)
  2 ufetubi
  A worm (D:2)
  2 dart slugs
  28 orcs
  9 endoplasms
  2 giant cockroaches
  12 goblins
  14 hobgoblins
  4 jackals (D:4)
  12 kobolds
  7 quokkas
  8 ball pythons
  3 bats
  5 frilled lizards
  6 rats
206 creatures vanquished.

Vanquished Creatures (others)
  5 bushes (D:7)
  13 plants (D:7)
18 creatures vanquished.

Grand Total: 224 creatures vanquished

Notes
Turn   | Place    | Note
-------+----------+-------------------------------------------
     0 | D:1      | happo123 the Troll Transmuter began the quest for the Orb.
     0 | D:1      | Reached XP level 1. HP: 18/18 MP: 1/1
   110 | D:1      | Reached XP level 2. HP: 26/26 MP: 0/2
   140 | D:1      | Found Ecvor's General Store.
   297 | D:1      | Reached skill level 1 in Fighting
   330 | D:1      | Found a faded altar of an unknown god.
   422 | D:1      | Reached XP level 3. HP: 33/33 MP: 4/4
   425 | D:1      | Learned a level 2 spell: Wereblood
   859 | D:2      | Found a runed translucent door.
   860 | D:2      | Noticed Crazy Yiuf
   868 | D:2      | Killed Crazy Yiuf
   869 | D:2      | Reached XP level 4. HP: 22/41 MP: 3/5
  1552 | D:3      | Reached skill level 4 in Unarmed Combat
  1552 | D:3      | Reached XP level 5. HP: 23/48 MP: 1/6
  1730 | D:3      | Reached skill level 1 in Ice Magic
  2109 | D:4      | Found a burning altar of Makhleb.
  2141 | D:4      | Noticed Robin
  2152 | D:4      | Killed Robin
  2163 | D:4      | Found a large runed translucent door.
  2170 | D:4      | Found a large runed translucent door.
  2173 | D:4      | Noticed Selrock's ghost (amateur KoBr)
  2186 | D:4      | Killed Selrock's ghost
  2187 | D:4      | Reached XP level 6. HP: 57/57 MP: 5/7
  2318 | D:4      | Reached skill level 5 in Unarmed Combat
  2318 | D:4      | Reached XP level 7. HP: 61/65 MP: 6/9
  2420 | D:4      | Noticed Pikel
  2427 | D:4      | Noticed Natasha
  2431 | D:4      | Killed Pikel
  2432 | D:4      | Reached XP level 8. HP: 44/74 MP: 7/10
  2435 | D:4      | Killed Natasha
  2468 | D:4      | Noticed Natasha
  2476 | D:4      | Killed Natasha
  2634 | D:4      | Noticed Natasha
  2639 | D:4      | Killed Natasha
  2886 | D:5      | Entered Level 5 of the Dungeon
  2909 | D:5      | Found a glowing silver altar of Zin.
  3017 | D:5      | Reached skill level 6 in Unarmed Combat
  3236 | D:5      | Found a staircase to the Ecumenical Temple.
  3257 | Temple   | Entered the Ecumenical Temple
  3748 | D:5      | Noticed a +0 dagger
  3754 | D:5      | Noticed a +0 dagger
  3778 | D:5      | Found a hide-covered altar of Uskayaw.
  3908 | D:6      | Reached XP level 9. HP: 83/83 MP: 9/12
  4008 | D:6      | Reached skill level 7 in Unarmed Combat
  4241 | D:6      | Found a sparkling altar of Nemelex Xobeh.
  4241 | D:6      | Found an ornate altar of the Wu Jian Council.
  4508 | D:7      | Found a glowing golden altar of the Shining One.
  4525 | D:7      | Reached skill level 5 in Transmutations
  4546 | D:7      | Noticed Joseph
  4556 | D:7      | Killed Joseph
  4869 | D:7      | Found a large runed translucent door.
  4869 | D:7      | Found a large runed translucent door.
  4870 | D:7      | Noticed Heh's ghost (amateur OpHW)
  4881 | D:7      | Killed Heh's ghost
  4905 | D:7      | Found a blossoming altar of Fedhas.
  5142 | D:7      | Found a large runed translucent door.
  5142 | D:7      | Found a large runed translucent door.
  5147 | D:7      | Noticed a kobold demonologist
  5148 | D:7      | Noticed a gargoyle
  5162 | D:7      | Found a large runed translucent door.
  5162 | D:7      | Found a large runed translucent door.
  5230 | D:7      | Reached skill level 8 in Unarmed Combat
  5230 | D:7      | Noticed a gargoyle
  5274 | D:7      | Killed a gargoyle
  5275 | D:7      | Reached XP level 10. HP: 26/92 MP: 12/14
  5341 | D:7      | Identified a scroll of acquirement
  5736 | D:7      | Killed a gargoyle
  5964 | D:7      | Acquired 470 gold pieces
  5973 | D:8      | Reached skill level 1 in Earth Magic
  6085 | D:8      | Found a broken altar of Ashenzari.
  6189 | D:8      | HP: 3/94 [gnoll sergeant/+3 trident of protection (3)]
  6190 | D:8      | Mangled by a gnoll sergeant

Illustrated notes

Levels and vault maps discovered:
D:1:      evilmike_arrival_home_sweet_home, layout_rooms, serial_shops,
          nicolae_shop_advertising_works [nicolae_subvault_shop_adworks],
          shapermc_ecumenical_altar_totnotflames
D:2:      layout_basic, uniq_crazy_yiuf_cottage
D:3:      layout_loops_cross
D:4:      layout_cave_pools, bloody_makhleb, ebering_ghost_disaster_area,
          minmay_misc_feat_alley, minivault_27, minmay_distorted, uniq_pikel,
          uniq_robin, uniq_natasha
D:5:      kennysheep_six_static_rooms, layout_rooms,
          mainiacjoe_overflow_boulevard, dancing_weapons_uskayaw,
          minmay_temple_entry_waves
D:6:      layout_rooms, amethyst_overflow_temple_binary, kennysheep_path_1,
          serial_park_tiny_1
D:7:      layout_loops_corners, tso_metal_star, fedhas_altar_decomposition,
          ebering_ghost_disaster_area, minmay_hollow_rounded_squares,
          uniq_joseph
D:8:      kennysheep_ambush_hall, layout_basic, lemuel_round_altar,
          ebering_ghost_gozag
Temple:   pf_slime_end_temple

Skill      XL: |  1  2  3  4  5  6  7  8  9 10 |
---------------+-------------------------------+-----
Fighting       | 1 2 3 4 |  4.7
Transmutations | 2 3 4 5 6 |  6.4
Dodging        | 2 3 4 |  4.9
Unarmed Combat | 4 5 6 8 |  8.9
Ice Magic      | 1 2 3 4 |  4.1
Spellcasting   | 2 3 |  3.7
Earth Magic    | 1 |  1.7

Action                   |  1- 3 |  4- 6 |  7- 9 | 10-12 || total
-------------------------+-------+-------+-------+-------++-------
Melee: Unarmed           |    70 |   111 |   205 |   100 ||   486
       Kick              |     4 |     9 |    47 |    23 ||    83
       Headbutt          |     3 |     4 |    21 |    17 ||    45
       Punch             |     1 |     1 |     3 |     4 ||     9
 Cast: Beastly Appendage |     8 |     9 |    33 |     8 ||    58
       Wereblood         |       |     4 |    10 |     4 ||    18
  Use: Scroll            |       |       |     6 |     5 ||    11
 Stab: Sleeping          |     2 |     1 |     1 |       ||     4
Armor: Robe              |    23 |    46 |    35 |    11 ||   115
Dodge: Dodged            |    26 |    75 |   172 |    72 ||   345
       Repelled          |       |       |     6 |     1 ||     7

Table legend: (Time is in decaauts)
 A = Elapsed time spent in this place.
 B = Non-inter-level travel time spent in this place.
 C = Inter-level travel time spent in this place.
 D = Time resting spent in this place.
 E = Time spent auto-exploring this place.
 F = Levels seen in this place.
 G = Mean time per level.
                   A        B        C        D        E       F      G
               +--------+--------+--------+--------+--------+-----+--------+
         Total |   6140 |   4713 |   1427 |      7 |   3270 |   9 |  682.2 |
       Dungeon |   5988 |   4568 |   1420 |      7 |   3138 |   8 |  748.5 |
        Temple |    151 |    144 |      7 |      0 |    132 |   1 |  151.0 |
               +--------+--------+--------+--------+--------+-----+--------+

Top non-repeatable levels by time:
     D:7: 1603 daAuts
     D:2: 851 daAuts
     D:5: 809 daAuts
     D:4: 787 daAuts
     D:3: 644 daAuts
     D:1: 602 daAuts
     D:6: 485 daAuts
     D:8: 203 daAuts
  Temple: 151 daAuts
